MLB
SAN FRANCISCO GIANTS @ LOS ANGELES (N) DODGERS
09/06/2041
 
TOP OF THE 1ST
San Francisco Giants batting - Pitching for Los Angeles (N) Dodgers : RHP Tony Eduardo
Pitching: RHP Tony Eduardo
Batting: LHB Paolo Pacheco 0-0: Foul Ball, location: 2LF
0-1: Fly out, F7 (Flyball, 7, EV 92.5 MPH)
Batting: RHB Luis Hernández 0-0: Called Strike
0-1: Ball
1-1: Ball
2-1: Called Strike
2-2: Ball
3-2: Fly out, F4 (Popup, 4, EV 77.5 MPH)
Batting: RHB Pat Rice 0-0: Ball
1-0: Foul Ball, location: 9LSF
1-1: Fly out, F9 (Flyball, 9LSF, EV 78.1 MPH)
Top of the 1st over - 0 runs, 0 hits, 0 errors, 0 left on base; San Francisco 0 - Los Angeles (N) 0
BOTTOM OF THE 1ST
Los Angeles (N) Dodgers batting - Pitching for San Francisco Giants : RHP Doug Maze
Pitching: RHP Doug Maze
Batting: RHB Rocky Hutchison 0-0: Fly out, F7 (Flyball, 78M, EV 86.9 MPH)
Batting: LHB Sean Williams 0-0: Ball
1-0: Called Strike
1-1: Called Strike
1-2: Foul Ball, location: 3FF
1-2: Ball
2-2: Ground out U3 (Groundball, 34, EV 85.6 MPH)
Batting: SHB Gonzo Ganjahlez 0-0: Swinging Strike
0-1: Ball
1-1: Ball
2-1: Foul Ball, location: 2F
2-2: Foul Ball, location: 2F
2-2: Foul Ball, location: 5F
2-2: Ball
3-2: Fly out, F8 (Flyball, 8RM, EV 83.1 MPH)
Bottom of the 1st over - 0 runs, 0 hits, 0 errors, 0 left on base; San Francisco 0 - Los Angeles (N) 0
TOP OF THE 2ND
San Francisco Giants batting - Pitching for Los Angeles (N) Dodgers : RHP Tony Eduardo
Batting: LHB Mario Mendoza 0-0: Called Strike
0-1: Called Strike
0-2: Ball
1-2: Ball
2-2: Foul Ball, location: 5FF
2-2: Foul Ball, location: 9LSF
2-2: Ball
3-2: Fly out, F8 (Flyball, 8LXD, EV 105.0 MPH)
Batting: LHB Jeremy Price 0-0: Called Strike
0-1: Ball
1-1: Fly out, F7 (Line Drive, 7, EV 108.8 MPH)
Batting: RHB Lou MacDonald 0-0: Foul Ball, location: 9LSF
0-1: Ball
1-1: Called Strike
1-2: Strikes out swinging
Top of the 2nd over - 0 runs, 0 hits, 0 errors, 0 left on base; San Francisco 0 - Los Angeles (N) 0
BOTTOM OF THE 2ND
Los Angeles (N) Dodgers batting - Pitching for San Francisco Giants : RHP Doug Maze
Batting: RHB Abraão Vicente 0-0: Swinging Strike
0-1: Foul Ball, location: 9LDF
0-2: Foul Ball, location: 7LDF
0-2: Ball
1-2: Foul Ball, location: 5SF
1-2: Foul Ball, location: 9LDF
1-2: Ball
2-2: Strikes out swinging
Batting: RHB Luis Yagues 0-0: Foul Ball, location: 2F
0-1: Ball
1-1: Ball
2-1: Fly out, F9 (Line Drive, 9, EV 98.1 MPH)
Batting: RHB José Costa 0-0: Called Strike
0-1: Ball
1-1: Foul Ball, location: 2F
1-2: Ball
2-2: Fly out, F7 (Flyball, 78XD, EV 90.0 MPH)
Bottom of the 2nd over - 0 runs, 0 hits, 0 errors, 0 left on base; San Francisco 0 - Los Angeles (N) 0
TOP OF THE 3RD
San Francisco Giants batting - Pitching for Los Angeles (N) Dodgers : RHP Tony Eduardo
Batting: RHB José Solís 0-0: Ball
1-0: SOLO HOME RUN (Flyball, 9LD, EV 91.3 MPH), Distance : 350 ft
Batting: RHB Anastasio Ramos 0-0: Foul Ball, location: 3FF
0-1: Foul Ball, location: 9LSF
0-2: Foul Ball, location: 3SF
0-2: Ball
1-2: Ball
2-2: Foul Ball, location: 2F
2-2: Foul Ball, location: 9LSF
2-2: Strikes out swinging
Batting: RHB Ron Account 0-0: Ball
1-0: Foul Ball, location: 7LMF
1-1: Ball
2-1: Called Strike
2-2: Strikes out swinging
Batting: LHB Paolo Pacheco 0-0: Ball
1-0: Foul Ball, location: 2F
1-1: Fly out, F4 (Line Drive, 4M, EV 68.1 MPH)
Top of the 3rd over - 1 run, 1 hit, 0 errors, 0 left on base; San Francisco 1 - Los Angeles (N) 0
BOTTOM OF THE 3RD
Los Angeles (N) Dodgers batting - Pitching for San Francisco Giants : RHP Doug Maze
Batting: RHB Lonnie Anderson 0-0: Called Strike
0-1: Ball
1-1: Ball
2-1: Foul Ball, location: 5F
2-2: Strikes out looking
Batting: SHB Leroy Brown 0-0: Ball
1-0: Ball
2-0: Swinging Strike
2-1: Swinging Strike
2-2: Foul Ball, location: 2F
2-2: Ball
3-2: Foul Ball, location: 2F
3-2: Foul Ball, location: 3FF
3-2: Ground out 5-3 (Groundball, 5L, EV 88.1 MPH)
Batting: RHB T.J. Greenham 0-0: Called Strike
0-1: Ball
1-1: Ball
2-1: Ground out 3-1 (Groundball, 34, EV 86.3 MPH)
Bottom of the 3rd over - 0 runs, 0 hits, 0 errors, 0 left on base; San Francisco 1 - Los Angeles (N) 0
TOP OF THE 4TH
San Francisco Giants batting - Pitching for Los Angeles (N) Dodgers : RHP Tony Eduardo
Batting: RHB Luis Hernández 0-0: Called Strike
0-1: Ball
1-1: Ball
2-1: Fly out, F8 (Flyball, 89D, EV 90.6 MPH)
Batting: RHB Pat Rice 0-0: Ball
1-0: Hit by Pitch
Batting: LHB Mario Mendoza 0-0: Ball
1-0: Ball
2-0: Ball
3-0: Called Strike
3-1: Base on Balls
Pat Rice to second
Batting: LHB Jeremy Price 0-0: Fielders Choice at 2nd, 4-6 (Groundball, 4, EV 88.1 MPH)
Pat Rice to third
Batting: RHB Lou MacDonald 0-0: Called Strike
0-1: Ball
1-1: Ball
2-1: Ball
3-1: Foul Ball, location: 2F
3-2: Strikes out looking
Top of the 4th over - 0 runs, 0 hits, 0 errors, 2 left on base; San Francisco 1 - Los Angeles (N) 0
BOTTOM OF THE 4TH
Los Angeles (N) Dodgers batting - Pitching for San Francisco Giants : RHP Doug Maze
Batting: RHB Rocky Hutchison 0-0: SINGLE (Line Drive, 6MD, EV 105.6 MPH)
Batting: LHB Sean Williams 0-0: SINGLE (Line Drive, 7LS, EV 100.6 MPH)
Rocky Hutchison to second
Batting: SHB Gonzo Ganjahlez 0-0: Called Strike
0-1: Ball
1-1: Ball
2-1: Foul Ball, location: 5FF
2-2: Fly out, F3 (Line Drive, 3, EV 68.8 MPH)
Batting: RHB Abraão Vicente 0-0: Foul Ball, location: 23FF
0-1: Foul Ball, location: 2RF
0-2: Fly out, F7 (Line Drive, 7S, EV 86.9 MPH)
Batting: RHB Luis Yagues 0-0: Ball
1-0: Fly out, F6 (Popup, 6M, EV 57.5 MPH)
Bottom of the 4th over - 0 runs, 2 hits, 0 errors, 2 left on base; San Francisco 1 - Los Angeles (N) 0
TOP OF THE 5TH
San Francisco Giants batting - Pitching for Los Angeles (N) Dodgers : RHP Tony Eduardo
Batting: RHB José Solís 0-0: Called Strike
0-1: Called Strike
0-2: Strikes out looking
Batting: RHB Anastasio Ramos 0-0: Called Strike
0-1: Ball
1-1: Swinging Strike
1-2: Foul Ball, location: 3SF
1-2: Strikes out swinging
Batting: RHB Ron Account 0-0: Ball
1-0: Called Strike
1-1: Called Strike
1-2: Strikes out swinging
Top of the 5th over - 0 runs, 0 hits, 0 errors, 0 left on base; San Francisco 1 - Los Angeles (N) 0
BOTTOM OF THE 5TH
Los Angeles (N) Dodgers batting - Pitching for San Francisco Giants : RHP Doug Maze
Batting: RHB José Costa 0-0: Ground out 4-3 (Groundball, 4, EV 99.4 MPH)
Batting: RHB Lonnie Anderson 0-0: Called Strike
0-1: Ball
1-1: Foul Ball, location: 2F
1-2: SINGLE (Line Drive, 56, EV 103.1 MPH)
Batting: SHB Leroy Brown 0-0: Ball
1-0: Swinging Strike
1-1: Foul Ball, location: 3F
1-2: Fly out, F8 (Flyball, 8LD, EV 91.3 MPH)
Batting: RHB T.J. Greenham 0-0: Ball
1-0: SINGLE (Line Drive, 56, EV 103.8 MPH)
Lonnie Anderson to second
Batting: RHB Rocky Hutchison 0-0: Called Strike
0-1: Swinging Strike
0-2: Strikes out looking
Bottom of the 5th over - 0 runs, 2 hits, 0 errors, 2 left on base; San Francisco 1 - Los Angeles (N) 0
TOP OF THE 6TH
San Francisco Giants batting - Pitching for Los Angeles (N) Dodgers : RHP Tony Eduardo
Batting: LHB Paolo Pacheco 0-0: Called Strike
0-1: Fly out, F2 (Popup, 2R, EV 88.8 MPH)
Batting: RHB Luis Hernández 0-0: Ball
1-0: Ball
2-0: DOUBLE (Line Drive, 9LD, EV 106.9 MPH)
Batting: RHB Pat Rice 0-0: Intentional Walk
Batting: RHB Gavino Giardina 0-0: Ball
1-0: DOUBLE (Flyball, 89XD, EV 113.1 MPH)
Luis Hernández scores
Pat Rice to third
Runner from 3rd tries for Home, SAFE, no throw by CF
Batting: LHB Jeremy Price 0-0: Intentional Walk
Batting: RHB Lou MacDonald 0-0: Ball
1-0: Called Strike
1-1: Foul Ball, location: 5F
1-2: Strikes out swinging
Batting: RHB José Solís 0-0: Called Strike
0-1: Ball
1-1: Swinging Strike
1-2: Ball
2-2: Foul Ball, location: 2F
2-2: Strikes out swinging
Top of the 6th over - 2 runs, 2 hits, 0 errors, 2 left on base; San Francisco 3 - Los Angeles (N) 0
BOTTOM OF THE 6TH
Los Angeles (N) Dodgers batting - Pitching for San Francisco Giants : RHP Doug Maze
Batting: LHB Sean Williams 0-0: Called Strike
0-1: Ball
1-1: Ball
2-1: Ground out 5-3 (Groundball, 5S, EV 63.8 MPH)
Batting: SHB Gonzo Ganjahlez 0-0: Ball
1-0: Fly out, F9 (Flyball, 9D, EV 80.0 MPH)
Batting: RHB Abraão Vicente 0-0: Called Strike
0-1: Hit by Pitch
Batting: RHB Luis Yagues 0-0: Ball
Abraão Vicente steals 2nd base
1-0: SINGLE (Flyball, 8LS, EV 90.6 MPH)
Abraão Vicente to third
Runner from 3rd tries for Home, SAFE, throw by CF to home
Batting: RHB José Costa 0-0: Ball
1-0: Called Strike
1-1: Foul Ball, location: 2F
1-2: Strikes out swinging
Bottom of the 6th over - 1 run, 1 hit, 0 errors, 1 left on base; San Francisco 3 - Los Angeles (N) 1
TOP OF THE 7TH
San Francisco Giants batting - Pitching for Los Angeles (N) Dodgers : RHP Tony Eduardo
Batting: RHB Anastasio Ramos 0-0: Called Strike
0-1: Foul Ball, location: 2LF
0-2: Ball
1-2: Foul Ball, location: 23FF
1-2: Ball
2-2: Strikes out looking
Batting: RHB Ron Account 0-0: Swinging Strike
0-1: SINGLE (Line Drive, 9S, EV 100.6 MPH)
Batting: LHB Paolo Pacheco 0-0: Called Strike
0-1: Swinging Strike
0-2: Ball
1-2: Foul Ball, location: 3DF
1-2: Strikes out looking
Batting: RHB Luis Hernández 0-0: Fly out, F5 (Popup, 56, EV 69.4 MPH)
Top of the 7th over - 0 runs, 1 hit, 0 errors, 1 left on base; San Francisco 3 - Los Angeles (N) 1
BOTTOM OF THE 7TH
Los Angeles (N) Dodgers batting - Pitching for San Francisco Giants : RHP Doug Maze
Pitching: RHP Mike Thomas
Batting: RHB Lonnie Anderson 0-0: Called Strike
0-1: Ball
1-1: DOUBLE (Line Drive, 89M, EV 106.3 MPH)
Batting: SHB Leroy Brown 0-0: Ball
1-0: Ball
2-0: Swinging Strike
2-1: Foul Ball, location: 2F
2-2: Ball
3-2: Base on Balls
Batting: RHB T.J. Greenham 0-0: Ball
Lonnie Anderson steals 3rd base
Leroy Brown to second
1-0: Foul Ball, location: 3F
1-1: Swinging Strike
1-2: Strikes out swinging
Batting: RHB Rocky Hutchison 0-0: Ball
1-0: Swinging Strike
1-1: Swinging Strike
1-2: Strikes out swinging
Batting: LHB Sean Williams 0-0: Foul Ball, location: 7LSF
0-1: Swinging Strike
0-2: Ball
1-2: Ball
2-2: Strikes out swinging
Bottom of the 7th over - 0 runs, 1 hit, 0 errors, 2 left on base; San Francisco 3 - Los Angeles (N) 1
TOP OF THE 8TH
San Francisco Giants batting - Pitching for Los Angeles (N) Dodgers : RHP Tony Eduardo
Pitching: RHP Jeff Clark
Batting: RHB Pat Rice 0-0: Swinging Strike
0-1: Ball
1-1: Ground out 1-3 (Groundball, 15S, EV 70.0 MPH)
Batting: RHB Gavino Giardina 0-0: Ball
1-0: Ball
2-0: Foul Ball, location: 2F
2-1: Swinging Strike
2-2: Strikes out swinging
Batting: LHB Jeremy Price 0-0: Ball
1-0: Swinging Strike
1-1: Ball
2-1: Swinging Strike
2-2: Strikes out swinging
Top of the 8th over - 0 runs, 0 hits, 0 errors, 0 left on base; San Francisco 3 - Los Angeles (N) 1
BOTTOM OF THE 8TH
Los Angeles (N) Dodgers batting - Pitching for San Francisco Giants : RHP Mike Thomas
Batting: SHB Gonzo Ganjahlez 0-0: SINGLE (Line Drive, 89M, EV 91.3 MPH)
Pitching: RHP Jorge Cisneros
Batting: RHB Abraão Vicente 0-0: Swinging Strike
0-1: Ball
1-1: Ball
2-1: Fly out, F9 (Flyball, 89M, EV 91.9 MPH)
Batting: RHB Luis Yagues 0-0: Ball
1-0: Foul Ball, location: 3DF
1-1: Ball
2-1: Ground out 4-3 (Groundball, 34, EV 82.5 MPH)
Gonzo Ganjahlez to second
Batting: RHB José Costa 0-0: Foul Ball, location: 2LF
0-1: Ball
1-1: Ball
2-1: Ball
3-1: Called Strike
3-2: Fly out, F3 (Popup, 3, EV 78.8 MPH)
Bottom of the 8th over - 0 runs, 1 hit, 0 errors, 1 left on base; San Francisco 3 - Los Angeles (N) 1
TOP OF THE 9TH
San Francisco Giants batting - Pitching for Los Angeles (N) Dodgers : RHP Jeff Clark
Batting: RHB Lou MacDonald 0-0: Ball
1-0: Swinging Strike
1-1: Foul Ball, location: 7LDF
1-2: DOUBLE (Line Drive, 9LS, EV 106.3 MPH)
Batting: RHB José Solís 0-0: Ball
1-0: Ball
2-0: Fly out, F8 (Flyball, 8LD, EV 95.0 MPH)
Batting: RHB Anastasio Ramos 0-0: Ground out 4-3 (Groundball, 4, EV 107.5 MPH)
Lou MacDonald to third
Batting: RHB Ron Account 0-0: Called Strike
0-1: Ball
1-1: Foul Ball, location: 5F
1-2: Fly out, F8 (Flyball, 89D, EV 90.6 MPH)
Top of the 9th over - 0 runs, 1 hit, 0 errors, 1 left on base; San Francisco 3 - Los Angeles (N) 1
BOTTOM OF THE 9TH
Los Angeles (N) Dodgers batting - Pitching for San Francisco Giants : RHP Jorge Cisneros
Batting: RHB Lonnie Anderson 0-0: Ball
1-0: Called Strike
1-1: Ball
2-1: Ball
3-1: Base on Balls
Batting: SHB Leroy Brown 0-0: Called Strike
0-1: SINGLE (Groundball, 13, EV 90.0 MPH) (infield hit)
Lonnie Anderson to second
Pitching: RHP Dan Collins
Batting: RHB T.J. Greenham 0-0: Ball
1-0: Ball
2-0: Called Strike
2-1: Ball
3-1: Fly out, F7 (Flyball, 78S, EV 90.0 MPH)
Batting: RHB Rocky Hutchison 0-0: Ball
1-0: Fly out, F2 (Popup, 23F, EV 85.0 MPH)
Batting: LHB Sean Williams 0-0: Ball
1-0: Called Strike
1-1: Foul Ball, location: 2F
1-2: Ground out U3 (Groundball, 3L, EV 101.3 MPH)
Bottom of the 9th over - 0 runs, 1 hit, 0 errors, 2 left on base; San Francisco 3 - Los Angeles (N) 1
Sunday, March 24th , 2024 - OOTP Baseball 24.10 Build 82